 Dungeon Crawl Stone Soup version 0.22.1-5-g62c59d9 (webtiles) character file.

256 infcreate the Conjurer (level 5, -2/28 HPs)
             Began as a Deep Elf Conjurer on Jan 15, 2019.
             Killed from afar by an orc wizard (8 damage)
             ... with a magic dart
             ... on level 4 of the Dungeon.
             The game lasted 00:17:17 (3300 turns).

infcreate the Conjurer (Deep Elf Conjurer)          Turns: 3300, Time: 00:17:18

Health: -2/28      AC:  3    Str:  5    XL:     5   Next: 92%
Magic:  4/14       EV: 13    Int: 21    God:
Gold:   158        SH:  0    Dex: 15    Spells: 3/13 levels left

rFire    . . .     SeeInvis .   (no weapon)
rCold    . . .     Gourm    .   (no shield)
rNeg     . . .     Faith    .   a - +0 robe
rPois    .         Spirit   .   (no helmet)
rElec    .         Reflect  .   (no cloak)
rCorr    .         Harm     .   r - +0 pair of gloves
MR       .....                  (no boots)
Stlth    ++........             (no amulet)
HPRegen  0.09/turn              (no ring)
MPRegen  0.14/turn              (no ring)

@: no status effects
A: no striking features
a: no special abilities


You were on level 4 of the Dungeon.
You were not hungry.

You visited 1 branch of the dungeon, and saw 4 of its levels.

You collected 158 gold pieces.

Inventory:

Armour
 a - a +0 robe (worn)
 r - a +0 pair of gloves (worn)
Scrolls
 b - 2 scrolls of enchant armour {unknown}
 d - 2 scrolls of remove curse {unknown}
 e - a scroll of magic mapping {unknown}
 f - a scroll of immolation {unknown}
 g - 8 scrolls of identify {unknown}
 j - a scroll of fog {unknown}
 l - 2 scrolls of teleportation {unknown}
 o - a scroll of amnesia {unknown}
Potions
 h - 2 potions of lignification {unknown}
 i - a potion of magic {unknown}
 k - a potion of flight {unknown}
 m - a potion of heal wounds {unknown}
 n - a potion of degeneration {unknown}
 p - a potion of curing {unknown}
 q - a potion of cancellation {unknown}
 t - 2 potions of might {unknown}
Comestibles
 c - 6 rations


   Skills:
 + Level 3.0 Dodging
 + Level 3.1 Stealth
 + Level 4.9 Spellcasting
 + Level 6.8 Conjurations


You had 3 spell levels left.
You knew the following spells:

 Your Spells              Type           Power        Failure   Level  Hunger
a - Magic Dart            Conj           ####         1%          1    None
b - Searing Ray           Conj           ####..       1%          2    None
c - Dazzling Spray        Conj/Hex       ###...       9%          3    ##.....
d - Iskenderun's Mystic   Conj           ####....     7%          4    ####...

Your spell library contained the following spells:

 Spells                   Type           Power        Failure   Level  Hunger
 Force Lance              Conj/Tloc      ###.....     26%         4    ####...
 Fulminant Prism          Conj/Hex       ###.......   26%         4    ####...


Dungeon Overview and Level Annotations

Branches:
Dungeon (4/15)
 Temple: D:4-7

Altars:
Dithmenos
Okawaru


Message History

Your Dodging skill increases to level 3!
An orc wizard appears from thin air!
Reactivating autopickup.
The orc wizard casts a spell at you. The puff of flame hits you!
* * * LOW HITPOINT WARNING * * *
Casting: Searing Ray (safe; 1% risk of failure)
Confirm with . or Enter, or press ? or * to list all spells.
Aiming: Searing Ray (safe; 1% risk of failure)
Press: ? - help, Shift-Dir - straight line, f - orc wizard
Aim: an orc wizard, wielding a dagger and wearing a robe (moderately wounded)
The searing ray hits the orc wizard.
The orc wizard is heavily wounded. (Press . to maintain the ray.)
The orc wizard hits you but does no damage.
The searing ray hits the orc wizard.
The orc wizard is almost dead.
The orc wizard points at you and mumbles some strange words.
The magic dart hits you!
You die...

#.### ######.#
##..#########..##.##
#.###.....##.#..##
#.##...######.#.#
#.#...## ##..#
###.....# ##.#
........##### #.#
............#####o#
................@##
............######
............#
...†.....)..#
...........)#
.......{....#
.........[..#
.............
............#.


You could see an orc wizard.

Vanquished Creatures
  A crimson imp (D:4)
  An orc priest (D:4)
  A bullfrog skeleton (D:4)
  Jessica (D:2)
  Natasha (D:2)
  Terence (D:2)
  An adder (D:4)
  2 worms (D:3)
  2 leopard geckos
  7 orcs
  5 giant cockroaches
  10 goblins
  8 hobgoblins
  5 jackals (D:3)
  4 kobolds
  3 quokkas (D:3)
  3 bats
  6 frilled lizards
  A quokka skeleton (D:4)
  3 rats
66 creatures vanquished.

Notes
Turn   | Place    | Note
-------+----------+-------------------------------------------
     0 | D:1      | infcreate the Deep Elf Conjurer began the quest for the
                  | Orb.
     0 | D:1      | Reached XP level 1. HP: 10/10 MP: 6/6
   769 | D:1      | Reached XP level 2. HP: 15/15 MP: 5/8
   773 | D:1      | Learned a level 2 spell: Searing Ray
   863 | D:2      | Noticed Jessica
   867 | D:2      | Killed Jessica
   867 | D:2      | Reached skill level 5 in Conjurations
   867 | D:2      | Reached XP level 3. HP: 19/19 MP: 4/9
  1087 | D:2      | Noticed Terence
  1091 | D:2      | Killed Terence
  1287 | D:2      | Reached XP level 4. HP: 23/24 MP: 0/11
  1298 | D:2      | Found an iron altar of Okawaru.
  1404 | D:2      | Noticed Natasha
  1408 | D:2      | Killed Natasha
  1408 | D:2      | Reached skill level 6 in Conjurations
  1706 | D:3      | Learned a level 3 spell: Dazzling Spray
  1711 | D:3      | Learned a level 4 spell: Iskenderun's Mystic Blast
  1789 | D:3      | Found a faded altar of an unknown god.
  2252 | D:3      | Found a shadowy altar of Dithmenos.
  2668 | D:3      | Reached XP level 5. HP: 28/28 MP: 4/12
  3300 | D:4      | Killed from afar by an orc wizard

Skill      XL: |  1  2  3  4  5 |
---------------+----------------+-----
Conjurations   | 5 6 |  6.8
Stealth        | 3 |  3.1
Spellcasting   | 4 |  4.9
Dodging        | 3 |  3.0

Action                   |  1- 3 |  4- 6 || total
-------------------------+-------+-------++-------
Melee: Unarmed           |       |     3 ||     3
 Cast: Magic Dart        |    23 |    84 ||   107
       Searing Ray       |     3 |    10 ||    13
       Iskenderun's Myst |       |     5 ||     5
       Dazzling Spray    |       |     1 ||     1
  Eat: Chunk             |       |     8 ||     8
Armor: Robe              |     1 |     3 ||     4
Dodge: Dodged            |     6 |    10 ||    16
